 Dungeon Crawl Stone Soup version 0.30.0-19-g36f170ea60 (webtiles) character file.

Game seed: 2336209552384338262

45 cdecastro the Stinger (level 3, 0/28 HPs)
             Began as a Naga Venom Mage on May 26, 2023.
             Slain by a scorpion zombie (4 damage)
             ... on level 3 of the Dungeon.
             The game lasted 00:05:57 (2093 turns).

cdecastro the Stinger (Naga Venom Mage)             Turns: 2093, Time: 00:05:58

Health: 0/28       AC:  2    Str: 10    XL:     3   Next: 64%
Magic:  3/6        EV: 14    Int: 17    God:
Gold:   76         SH:  0    Dex: 11    Spells: 0/6 levels left

rFire   . . .        m - +0 dagger
rCold   . . .        (no shield)
rNeg    . . .        a - +0 robe
rPois   +            (no helmet)
rElec   .            (no cloak)
rCorr   .            (no gloves)
SInv    +            (no barding)
Will    .....        (no amulet)
Stlth   ++           h - +5 ring of evasion
HPRegen 0.24/turn    (no ring)
MPRegen 0.10/turn

%: no passive effects
@: very slow
A: AC +1, large, see invisible, deformed body, poison resistance, slowness 2,
spit poison 1, naga tail 1
a: Spit Poison


You were on level 3 of the Dungeon.
You visited 1 branch of the dungeon, and saw 3 of its levels.

You collected 76 gold pieces.

Inventory:

Hand Weapons
 g - a +0 whip
 l - a +0 short sword
 m - a +0 dagger (weapon)
Missiles
 i - 4 poisoned darts
Armour
 a - a +0 robe (worn)
Jewellery
 h - a +5 ring of evasion (left hand)
Scrolls
 c - 2 scrolls of poison {unknown}
 d - 2 scrolls of teleportation {unknown}
 e - 5 scrolls of identify {unknown}
 f - a scroll of enchant weapon {unknown}
 j - a scroll of fear {unknown}
 k - 2 scrolls of fog {unknown}
 q - a scroll of immolation {unknown}
Potions
 n - a potion of flight {unknown}
 o - a potion of resistance {unknown}
 p - a potion of brilliance {unknown}


   Skills:
 - Level 1.5 Dodging
 - Level 3.0 Stealth
 - Level 2.0 Spellcasting
 - Level 1.0 Transmutations
 + Level 6.0 Poison Magic


You couldn't memorise any spells.
You knew the following spells:

 Your Spells              Type           Power      Damage    Failure   Level
a - Sting                 Tmut/Pois      52%        1d5       4%          1
b - Poisonous Vapours     Pois/Air       24%        N/A       9%          2
c - Mephitic Cloud        Conj/Pois/Air  8%         N/A       26%         3

Your spell library contained the following spells:

 Spells                   Type           Power      Damage    Failure   Level
 Olgreb's Toxic Radiance  Pois           22%        N/A       16%         4
 Apportation              Tloc           2%         N/A       19%         1
 Call Canine Familiar     Summ           1%         N/A       50%         3
 Portal Projectile        Hex/Tloc       2%         N/A       50%         3
 Alistair's Intoxication  Tmut/Pois      8%         N/A       77%         5
 Leda's Liquefaction      Hex/Erth       0%         N/A       88%         4


Dungeon Overview and Level Annotations

Branches:
Dungeon (3/15)

Altars:
Yredelemnul

Shops:
D:1 [

Annotations:
D:3 3 runed translucent doors, Kamelo's ghost, amateur TeAE


Innate Abilities, Weirdness & Mutations

Your serpentine skin is tough. (AC +1)
You have supernaturally acute eyesight. (SInv)
Armour fits poorly on your strangely shaped body.
Your system is resistant to poisons. (rPois)
You cover ground very slowly.
You can spit poison.
You have a snake-like lower body.


Message History

The scorpion zombie closely misses you.
Okay, then.
Unknown command.
You hit the scorpion zombie.
The scorpion zombie is moderately damaged.
The scorpion zombie misses you.
You barely miss the scorpion zombie.
The scorpion zombie is moderately damaged.
The scorpion zombie closely misses you.
You hit the scorpion zombie but do no damage.
The scorpion zombie is moderately damaged.
The scorpion zombie barely misses you.
You hit the scorpion zombie.
The scorpion zombie is moderately damaged.
The scorpion zombie hits you.
* * * LOW HITPOINT WARNING * * *
You hit the scorpion zombie.
The scorpion zombie is heavily damaged.
The scorpion zombie misses you. Magic courses through your body.
The scorpion zombie misses you.
Aiming: Sting (safe; 4% risk of failure)
Press: ? - help, Q - select action, (/) - cycle Shift-Dir - straight line, f/p - scorpion zombie
Aim: a scorpion zombie (heavily damaged, 90% to hit)
The sting hits the scorpion zombie.
The scorpion zombie partially resists.
The scorpion zombie is heavily damaged.
The scorpion zombie hits you.
* * * LOW HITPOINT WARNING * * *
Aiming: Sting (safe; 4% risk of failure)
Press: ? - help, Q - select action, (/) - cycle Shift-Dir - straight line, f/p - scorpion zombie
Aim: a scorpion zombie (heavily damaged, 90% to hit)
The sting hits the scorpion zombie but does no damage.
The scorpion zombie is heavily damaged.
The scorpion zombie misses you.
Aiming: Sting (safe; 4% risk of failure)
Press: ? - help, Q - select action, (/) - cycle Shift-Dir - straight line, f/p - scorpion zombie
Aim: a scorpion zombie (heavily damaged, 90% to hit)
The sting hits the scorpion zombie but does no damage.
The scorpion zombie is heavily damaged.
The scorpion zombie hits you.
You die...

#....# #.##.#...#.
#####.######.##.#+++#.
#............##.......
###.#...#########...##
#.#...#....# ._..# #
#...#.#### ...##
#........# ###
#Z#.#.#####
#@#.#.....#
#.#.....#.#
..#.....#.#
####.....#.# #.......#
#......##
#......#####..
#.....).......
######.#######


You could see a scorpion zombie.

Vanquished Creatures
  An adder (D:2)
  A worm (D:2)
  6 bats
  3 endoplasms
  A giant cockroach (D:1)
  A hobgoblin (D:1)
  3 jackals (D:1)
  2 quokkas (D:1)
  2 ball pythons
  3 goblins
  4 kobolds
  2 rats
29 creatures vanquished.

Notes
Turn   | Place    | Note
-------+----------+-------------------------------------------
     0 | D:1      | cdecastro the Naga Venom Mage began the quest for the Orb.
     0 | D:1      | Reached XP level 1. HP: 15/15 MP: 3/3
   282 | D:1      | Reached XP level 2. HP: 8/22 MP: 0/5
   392 | D:1      | Found Baroseur's Armour Emporium.
   657 | D:1      | Reached skill level 5 in Poison Magic
   933 | D:2      | Found a faded altar of an unknown god.
  1096 | D:2      | Reached XP level 3. HP: 17/28 MP: 3/6
  1222 | D:2      | Learned a level 2 spell: Poisonous Vapours
  1226 | D:2      | Learned a level 3 spell: Mephitic Cloud
  1927 | D:3      | Reached skill level 6 in Poison Magic
  2041 | D:3      | Found a runed translucent gate.
  2041 | D:3      | Found a runed translucent gate.
  2041 | D:3      | Found a runed translucent gate.
  2041 | D:3      | Noticed Kamelo's ghost (amateur TeAE)
  2044 | D:3      | Found a basalt altar of Yredelemnul.
  2093 | D:3      | Slain by a scorpion zombie

Illustrated notes

Levels and vault maps discovered:
D:1:      dpeg_arrival_short_road, layout_loops_ring, serial_shops,
          nicolae_shop_stone
D:2:      layout_basic, hellmonk_ecumenical_altar_lost_god,
          minmay_curled_crystal, minmay_pentomino_z2
D:3:      minmay_bubble_buster, layout_basic, mainiacjoe_overflow_alcove_1,
          fedhas_altar_fruit_tree, nicolae_yredelemnul_ghost_church,
          nemelex_xobeh_ov_fountains_minmay, mainiacjoe_overflow_cross_hatched,
          okawaru_trees_1, serial_shops, nicolae_shop_advertising_works
          [nicolae_subvault_shop_adworks]

Skill      XL: |  1  2  3 |
---------------+----------+-----
Poison Magic   | 5 6 |  6.0
Dodging        | |  1.5
Stealth        | |  3.0
Spellcasting   | |  2.0
Transmutations | |  1.0

Action                     || total
---------------------------++-------
  Melee: Whip              ||    22
         Dagger            ||    44
         Punch             ||     1
   Cast: Sting             ||    39
         Poisonous Vapours ||     7
    Use: Potion            ||     1
   Stab: Sleeping          ||     1
 Armour: Robe              ||    19
  Dodge: Dodged            ||    95
